 Dungeon Crawl Stone Soup version 0.25.1-9-gc5326a611f (webtiles) character file.

Game seed: 1982316781361162183

119 sahdkjhfkaj the Ruffian (level 4, -1/42 HPs)
             Began as a Troll Wanderer on Feb 16, 2021.
             Was an Initiate of Ashenzari.
             Killed from afar by an orc wizard (7 damage)
             ... with a magic dart
             ... on level 3 of the Dungeon.
             The game lasted 00:03:28 (1596 turns).

sahdkjhfkaj the Ruffian (Troll Wanderer)            Turns: 1596, Time: 00:03:28

Health: -1/42      AC:  6    Str: 21    XL:     4   Next: 73%
Magic:  3/3        EV:  9    Int:  9    God:    Ashenzari [......]
Gold:   143        SH:  0    Dex:  8    Spells: 3/3 levels left

rFire    . . .     SeeInvis .     - Unarmed
rCold    . . .     Gourm    +   (no shield)
rNeg     . . .     Faith    .   d - +0 robe
rPois    .         Spirit   .   (helmet restricted)
rElec    .         Reflect  .   (no cloak)
rCorr    .         Harm     .   (gloves unavailable)
MR       .....                  (boots unavailable)
Stlth    +.........             (no amulet)
HPRegen  0.54/turn              (no ring)
MPRegen  0.08/turn              (no ring)

@: no status effects
A: large, unfitting armour, claws 3, fast metabolism 3, gourmand, regeneration
1, shaggy fur 1, tough skin 3
a: Curse Item, Renounce Religion


You were on level 3 of the Dungeon.
You worshipped Ashenzari.
Ashenzari was noncommittal.
You were very full.

You visited 1 branch of the dungeon, and saw 3 of its levels.

You collected 143 gold pieces.

Inventory:

Armour
 d - a +0 robe (worn)
Jewellery
 l - an uncursed amulet of reflection
Scrolls
 c - 3 scrolls of remove curse {!r}
 h - a scroll of magic mapping {!r}
 j - a scroll of immolation {!r}
Potions
 a - 3 potions of berserk rage {!q}
 b - a potion of lignification {!q}
 e - a potion of heal wounds {!q, unknown}
 i - a potion of haste {!q, unknown}
 k - a potion of curing {!q, unknown}
Comestibles
 f - 4 rations
 g - 4 chunks of flesh


   Skills:
 - Level 2.0 Fighting
   Level 1.7(2.1) Maces & Flails
   Level 1.5(1.9) Staves
 - Level 1.0 Throwing
 - Level 1.5 Dodging
 + Level 4.2 Unarmed Combat
   Level 1.0 Evocations


You had 3 spell levels left.
You didn't know any spells.
Your spell library was empty.

Dungeon Overview and Level Annotations

Branches:
Dungeon (3/15)

Altars:
Ashenzari
Cheibriados
Gozag
Ru
Uskayaw


Innate Abilities, Weirdness & Mutations

You are too large for most types of armour.
You have claws for hands.
Your metabolism is lightning-fast.
You like to eat raw meat.
Your natural rate of healing is unusually fast.
You are covered in fur. (AC +1)
You have extremely tough skin. (AC +3)


Message History

There are monsters nearby!
You closely miss the orc wizard.
The orc wizard hits you but does no damage.
The orc hits you with a +0 flail!
* * * LOW HITPOINT WARNING * * *
You closely miss the orc wizard.
The orc wizard hits you with a +0 dagger.
* * * LOW HITPOINT WARNING * * *
The orc hits you with a +0 flail.
* * * LOW HITPOINT WARNING * * *
You closely miss the orc wizard.
The orc wizard hits you with a +0 dagger.
* * * LOW HITPOINT WARNING * * *
The orc wizard hits you with a +0 dagger.
* * * LOW HITPOINT WARNING * * *
Unknown command.
Unknown command.
The orc wizard casts a spell at you. The magic dart hits you!
You die...

#.# #.# #%#
####.####
#...รท...#
#.....(.#
##.###.......#
#....oo......#
#..###..@....# #
#.......#
#.......#
#############..###
.......<.......#
###########..#.#
#..#.# #..#.#
#..#.#


You could see an orc wizard (fast) and an orc.

Vanquished Creatures
  An orc priest (D:3)
  2 adders (D:2)
  4 oozes
  A worm (D:1)
  A dart slug (D:2)
  A leopard gecko (D:1)
  An orc (D:3)
  6 giant cockroaches
  7 hobgoblins
  4 jackals (D:1)
  4 kobolds
  2 frilled lizards
  3 goblins
  12 rats
49 creatures vanquished.

Notes
Turn   | Place    | Note
-------+----------+-------------------------------------------
     0 | D:1      | sahdkjhfkaj the Troll Wanderer began the quest for the Orb.
     0 | D:1      | sahdkjhfkaj set off with the following items: a +2 mace, a
                  | potion of lignification {!q}, a +0 quarterstaff, a +0 robe,
                  | 2 rations
     0 | D:1      | Reached XP level 1. HP: 19/19 MP: 0/0
     3 | D:1      | Found a runed translucent door.
    11 | D:1      | Reached skill level 1 in Unarmed Combat
    19 | D:1      | Reached XP level 2. HP: 22/27 MP: 1/1
    20 | D:1      | Reached skill level 2 in Unarmed Combat
    49 | D:1      | Reached XP level 3. HP: 35/35 MP: 2/2
   882 | D:2      | Reached skill level 3 in Unarmed Combat
  1073 | D:2      | Reached XP level 4. HP: 42/42 MP: 3/3
  1108 | D:2      | Found a snail-covered altar of Cheibriados.
  1108 | D:2      | Found a shattered altar of Ashenzari.
  1113 | D:2      | Found a sacrificial altar of Ru.
  1119 | D:2      | Found a hide-covered altar of Uskayaw.
  1120 | D:2      | Found an opulent altar of Gozag.
  1142 | D:2      | Became a worshipper of Ashenzari the Shackled
  1575 | D:3      | Reached skill level 4 in Unarmed Combat
  1596 | D:3      | Killed from afar by an orc wizard

Illustrated notes

Levels and vault maps discovered:
D:1:      dpeg_arrival_caged_fury, layout_basic, bh_walls_and_bars
D:2:      layout_basic, grunt_temple_overflow_open
D:3:      layout_loops_ring, grunt_qazlal_sundering

Skill      XL: |  1  2  3  4 |
---------------+-------------+-----
Unarmed Combat | 1 2 3 4 |  4.2
Fighting       | 2 |  2.0
Maces & Flails | |  1.7
Staves         | |  1.5
Throwing       | |  1.0
Dodging        | |  1.5
Evocations     | |  1.0

Action                   |  1- 3 |  4- 6 || total
-------------------------+-------+-------++-------
Melee: Unarmed           |   110 |    45 ||   155
       Punch             |       |     1 ||     1
  Use: Scroll            |     4 |       ||     4
  Eat: Chunk             |    15 |     3 ||    18
Armor: Robe              |    41 |    14 ||    55
Dodge: Dodged            |    42 |    17 ||    59
